 Dungeon Crawl Stone Soup version 0.30-a0-272-gf98c3da03f (webtiles) character file.

Game seed: 17922323460922763610

651 lunkers the Basher (level 8, 0/57 HPs)
             Began as a Meteoran Wanderer on Oct 16, 2022.
             Slain by Edmund
             ... wielding a +4 dire flail of protection
              (11 damage)
             ... on level 4 of the Dungeon.
             The game lasted 00:06:39 (1898 turns).

lunkers the Basher (Meteoran Wanderer)              Turns: 1898, Time: 00:06:40

Health: 0/57       AC: 13    Str: 14    XL:     8   Next: 10%
Magic:  11/11      EV: 11    Int: 12    God:
Gold:   118        SH:  0    Dex: 23    Spells: 8/9 levels left

rFire   . . .      SeeInvis .    a - +2 flail (protect)
rCold   . . .      Faith    .    (no shield)
rNeg    . . .      Spirit   .    r - +3 leather armour
rPois   .          Reflect  .    (no helmet)
rElec   .          Harm     .    (no cloak)
rCorr   .          Rampage  .    (no gloves)
Will    +....                    (no boots)
Stlth   +.........               (no amulet)
HPRegen 0.29/turn                t - +6 ring of dexterity
MPRegen 0.12/turn                (no ring)

@: under a protective aura, glowing
A: sense surroundings 1, otherworldly, glowing, explore regen
a: no special abilities


You were on level 4 of the Dungeon.
You visited 1 branch of the dungeon, and saw 4 of its levels.
You also visited: Sewer.

You collected 118 gold pieces.

Inventory:

Hand Weapons
 a - a +2 flail of protection (weapon)
 q - a +0 quarterstaff
Missiles
 d - 3 boomerangs
 u - 4 curare-tipped darts
Armour
 b - a +0 scale mail
 r - a +3 leather armour (worn)
Magical Staves
 o - a staff of earth
Jewellery
 t - a +6 ring of dexterity (left hand)
Scrolls
 e - a scroll of poison {unknown}
 j - a scroll of fog {unknown}
 l - a scroll of blinking {unknown}
 m - a scroll of enchant weapon {unknown}
 n - a scroll of teleportation {unknown}
 p - 2 scrolls of magic mapping {unknown}
 s - 2 scrolls of summoning {unknown}
 v - a scroll of enchant armour {unknown}
Potions
 c - a potion of heal wounds
 f - 2 potions of curing
 g - a potion of invisibility
 i - 2 potions of degeneration
 k - a potion of attraction
 w - a potion of magic {unknown}


   Skills:
 + Level 8.5(9.5) Maces & Flails
 - Level 5.7(7.6) Staves
 - Level 3.6 Armour
 - Level 1.0 Stealth
 - Level 1.3 Spellcasting
 - Level 3.6 Air Magic


You had 8 spell levels left.
You knew the following spells:

 Your Spells              Type           Power      Damage    Failure   Level
p - Shock                 Conj/Air       20%        1d4       17%         1

Your spell library contained the following spells:

 Spells                   Type           Power      Damage    Failure   Level
 Swiftness                Air            9%         N/A       24%         3
 Poisonous Vapours        Pois/Air       10%        N/A       26%         2
 Static Discharge         Conj/Air       10%        2-3/arc   26%         2
 Ensorcelled Hibernation  Hex/Ice        0%         N/A       47%         2
 Passwall                 Tmut/Erth      0%         N/A       47%         2
 Olgreb's Toxic Radiance  Pois           0%         N/A       98%         4
 Ozocubu's Refrigeration  Ice            0%         4d7       100%        7
 Ignition                 Fire           0%         3d3       100%        8


Dungeon Overview and Level Annotations

Branches:
Dungeon (4/15) Zot: 935     Sewer (visited)
 Temple: D:4-7

Altars:
Vehumet

Annotations:
D:4 Edmund


Innate Abilities, Weirdness & Mutations

You passively map a small area around you.
You are easily found by Zot.
You glow in the dark.
You regain HP and MP as you explore.


Message History

Edmund says, "People accused me of being a cutpurse!"
Edmund misses you.
You hit Edmund but do no damage.
Edmund is severely wounded.
Edmund barely misses you.
You hit Edmund.
Edmund is severely wounded.
Edmund hits you with a +4 dire flail of protection.
You hit Edmund but do no damage.
Edmund is severely wounded.
Edmund hits you but does no damage.
You barely miss Edmund.
Edmund is severely wounded.
Edmund hits you with a +4 dire flail of protection.
You hit Edmund.
Edmund is almost dead.
Edmund hits you with a +4 dire flail of protection!
* * * LOW HITPOINT WARNING * * *
You hit Edmund but do no damage.
Edmund is almost dead.
Edmund hits you with a +4 dire flail of protection!
* * * LOW HITPOINT WARNING * * *
You hit Edmund.
Edmund is almost dead.
Edmund closely misses you.
You completely miss Edmund.
Edmund is almost dead.
Edmund closely misses you.
You hit Edmund.
Edmund is almost dead.
Edmund hits you with a +4 dire flail of protection.
* * * LOW HITPOINT WARNING * * *
You hit Edmund but do no damage.
Edmund is almost dead.
Edmund says, "A flail is better than a scythe, any day of the week!"
Edmund hits you but does no damage.
You hit Edmund.
Edmund is almost dead.
Edmund hits you with a +4 dire flail of protection!
You die...

#.....#.)....##..
#........##..##..
###...)......##...
##.#.#.#.#.#.####..
#........)...# #...
##.#.#.#.#.#..#....
#...............##.
##.#.#.#.#.##....#
#.@@........###...
##.#.#.#.#.## ...
.......)...# ..
##.#.#.#.#.#., ,
...........,
*#.#.#.#.#. #..
...# , ### #. ,


You could see Edmund.

Vanquished Creatures
  Duvessa (D:4)
  5 kobold brigands (Sewer)
  Dowan (D:4)
  5 adders
  A river rat (Sewer)
  7 worms
  4 dart slugs
  2 orcs
  12 ball pythons
  2 bats
  4 endoplasms
  3 goblins
  8 hobgoblins
  6 jackals
  3 quokkas
  5 frilled lizards
  10 kobolds
  8 rats
87 creatures vanquished.

Vanquished Creatures (others)
  4 plants (D:3)
4 creatures vanquished.

Grand Total: 91 creatures vanquished

Notes
Turn   | Place    | Note
-------+----------+-------------------------------------------
     0 | D:1      | lunkers the Meteoran Wanderer began the quest for the Orb.
     0 | D:1      | lunkers set off with the following items: a +0
                  | quarterstaff, a +0 scale mail, a potion of heal wounds; and
                  | the following spell memorised: Shock; and the following
                  | spells available to memorise: Poisonous Vapours, Static
                  | Discharge.
     0 | D:1      | Reached XP level 1. HP: 14/14 MP: 3/3
    69 | D:1      | Reached XP level 2. HP: 7/20 MP: 0/5
   243 | D:1      | Reached XP level 3. HP: 22/26 MP: 3/6
   432 | D:2      | Reached XP level 4. HP: 31/33 MP: 1/7
   505 | D:2      | Reached skill level 5 in Staves
   792 | D:3      | Reached XP level 5. HP: 18/38 MP: 8/8
  1004 | D:3      | Found a radiant altar of Vehumet.
  1191 | D:3      | Found a glowing drain.
  1204 | D:3      | Reached skill level 1 in Maces & Flails
  1207 | Sewer    | Entered a sewer
  1233 | Sewer    | Noticed a kobold brigand
  1233 | Sewer    | Noticed a kobold brigand
  1246 | Sewer    | Killed a kobold brigand
  1247 | Sewer    | Reached skill level 3 in Maces & Flails
  1247 | Sewer    | Reached XP level 6. HP: 17/45 MP: 9/9
  1251 | Sewer    | Reached skill level 4 in Maces & Flails
  1331 | Sewer    | Reached skill level 5 in Maces & Flails
  1331 | Sewer    | Reached XP level 7. HP: 33/50 MP: 10/10
  1445 | Sewer    | Reached skill level 6 in Maces & Flails
  1606 | Sewer    | Glimpsed the power of Zot.
  1622 | Sewer    | Reached skill level 7 in Maces & Flails
  1646 | Sewer    | Glimpsed the power of Zot.
  1749 | D:4      | Noticed Dowan
  1754 | D:4      | Noticed Duvessa
  1775 | D:4      | Killed Duvessa
  1776 | D:4      | Reached skill level 8 in Maces & Flails
  1792 | D:4      | Killed Dowan
  1793 | D:4      | Reached XP level 8. HP: 26/57 MP: 8/11
  1852 | D:4      | Noticed Edmund
  1898 | D:4      | Slain by Edmund

Illustrated notes

Levels and vault maps discovered:
D:1:      moated_graveyard_arrival, layout_basic
D:2:      layout_loops_ring, grunt_ministairs_3, chequers_arboretum,
          nicolae_titane
D:3:      kennysheep_big_flooded_room, layout_basic, vehumet_crystals,
          cheibrodos_sewer_entry_bend, lexackson_kobold_supper
D:4:      layout_cave_pools, st_stairs_10, uniq_edmund, uniq_duvessa,
          uniq_sigmund

Skill      XL: |  1  2  3  4  5  6  7 |
---------------+----------------------+-----
Staves         | 3 4 5 |  5.7
Maces & Flails | 3 5 8 |  8.5
Armour         | |  3.6
Stealth        | |  1.0
Spellcasting   | |  1.3
Air Magic      | |  3.6

Action                   |  1- 3 |  4- 6 |  7- 9 || total
-------------------------+-------+-------+-------++-------
Melee: Quarterstaff      |    70 |    86 |       ||   156
       Flail             |       |    40 |   127 ||   167
       Punch             |       |       |     1 ||     1
 Cast: Shock             |    22 |    23 |    40 ||    85
  Use: Scroll            |       |       |     5 ||     5
Armor: Scale mail        |    24 |    53 |       ||    77
       Leather armour    |       |    27 |    36 ||    63
Dodge: Dodged            |    30 |    62 |    38 ||   130

Table legend: (Time is in decaauts)
 A = Elapsed time spent in this place.
 B = Non-inter-level travel time spent in this place.
 C = Inter-level travel time spent in this place.
 D = Time resting spent in this place.
 E = Time spent auto-exploring this place.
 F = Levels seen in this place.
 G = Mean time per level.
                   A        B        C        D        E       F      G
               +--------+--------+--------+--------+--------+-----+--------+
         Total |   2025 |   1769 |    256 |      0 |    767 |   5 |  405.0 |
       Dungeon |   1463 |   1207 |    256 |      0 |    479 |   4 |  365.8 |
         Sewer |    561 |    561 |      0 |      0 |    288 |   1 |  561.0 |
               +--------+--------+--------+--------+--------+-----+--------+

Top non-repeatable levels by time:
     D:3: 732 daAuts
   Sewer: 561 daAuts
     D:2: 304 daAuts
     D:1: 269 daAuts
     D:4: 157 daAuts
